 Dungeon Crawl Stone Soup version 0.17.0-8-gb983d21 (webtiles) character file.

218 Horrz the Grave Robber (level 5, 0/42 HPs)
             Began as a Deep Dwarf Necromancer on Nov 7, 2015.
             Killed from afar by zigs's ghost (7 damage)
             ... with a puff of frost
             ... on level 5 of the Dungeon on Nov 8, 2015.
             The game lasted 00:25:19 (2855 turns).

Horrz the Grave Robber (Deep Dwarf Necromancer)     Turns: 2855, Time: 00:25:19

Health: 0/42       AC:  9    Str: 12    XL:     5   Next: 63%
Magic:  5/9        EV: 12    Int: 16    God:
Gold:   237        SH:  0    Dex: 13    Spells: 4 memorised, 0 levels left

rFire  . . .     SeeInvis .     m - +1 short sword (drain)
rCold  . . .     Clarity  .     x - +3 leather armour
rNeg   . . .     SustAt   .     (no shield)
rPois  .         Gourm    .     h - +0 helmet
rElec  .         Spirit   .     (no cloak)
rCorr  .         Warding  .     q - +0 pair of gloves
rMut   .         Stasis   .     w - +0 pair of boots
MR     .....                    (no amulet)
Stlth  ++........               (no ring)
                                (no ring)

@: non-regenerating, not resistant to hostile enchantments, unstealthy
A: damage resistance, recharge devices, sense surroundings 1, slow regeneration
3
a: Device Recharging


You were on level 5 of the Dungeon.
You were hungry.

You visited 1 branch of the dungeon, and saw 5 of its levels.

You collected 237 gold pieces.

Inventory:

Hand Weapons
 m - a +1 short sword of draining (weapon)
Armour
 a - a +0 robe
 h - a +0 helmet (worn)
 q - a +0 pair of gloves (worn)
 w - a +0 pair of boots (worn)
 x - a +3 leather armour (worn)
Wands
 c - a wand of heal wounds (5)
Scrolls
 e - 2 scrolls of remove curse
 j - 2 scrolls of teleportation {unknown}
 k - a scroll of random uselessness {unknown}
 l - 3 scrolls of identify {unknown}
 p - 2 scrolls of enchant weapon {unknown}
 t - a scroll of blinking {unknown}
 u - a scroll of magic mapping {unknown}
 v - a scroll of fear {unknown}
Potions
 f - a potion of haste {unknown}
 i - a potion of heal wounds {unknown}
 n - 2 potions of flight {unknown}
 o - 2 potions of curing {unknown}
 r - a potion of might {unknown}
 s - 2 potions of cure mutation {unknown}
Books
 b - a book of Necromancy

   Spells                             Type                      Level
   a - Pain                           Necromancy                   1
   b - Animate Skeleton               Necromancy                   1
   c - Vampiric Draining              Necromancy                   3
   d - Regeneration                   Charms/Necromancy            3
   e - Animate Dead                   Necromancy                   4
   f - Control Undead                 Necromancy                   4
Comestibles
 d - 4 bread rations
 g - 3 fruits


   Skills:
 - Level 2.1 Dodging
 - Level 2.4 Stealth
 + Level 2.7 Spellcasting
 * Level 7.1 Necromancy


You couldn't memorise any spells.
You knew the following spells:

 Your Spells              Type           Power        Failure   Level  Hunger
a - Pain                  Necr           ###.         1%          1    #......
b - Animate Skeleton      Necr           N/A          1%          1    #......
c - Vampiric Draining     Necr           ###.......   4%          3    ###....
d - Control Undead        Necr           ###.......   14%         4    #####..


Dungeon Overview and Level Annotations

Branches:
Dungeon (5/15)
 Temple: D:4-7

Altars:
Dithmenos
Gozag
Nemelex Xobeh
Okawaru
Ru
Trog
Xom
Yredelemnul
The Shining One

Annotations:
D:5 zigs's ghost, amateur SpIE


Innate Abilities, Weirdness & Mutations

You are resistant to damage.
You can recharge devices by infusing magical energy.
You passively map a small area around you.
You do not regenerate naturally.


Message History

The shadow imp gestures at you. Pain shoots through your body!
* * * LOW HITPOINT WARNING * * *
You hit the shadow imp.
You kill the shadow imp!
There is a shadowy altar of Dithmenos here.
You kneel at the altar of Dithmenos.
There is an open door, spattered with blood here.
Zigs's ghost turns its malevolent gaze towards you.
Zigs's ghost gestures at you while chanting.
The puff of frost hits you!
* * * LOW HITPOINT WARNING * * *
Press: ? - help, v - describe, . - travel
Here: zigs's ghost, wielding a weapon of venom The floor.
Unknown command.
Zigs's ghost says, "I am smarter than you!"
Zigs's ghost casts a spell at you. The puff of frost hits you!
You die...

* * ** * # ## , <
,, .#. * * #.#*
#####W# * #.....#
#W###.# #.# #.# *
#.# #.# * #@# #.#
#.# #.# * #.# #.#
###.###.## . *
######........#
.W##
#.........##..#
...#
#.####.#.###..#
...#
########.#####..#
...#
#...#........#..#


You could see zigs's ghost.

Vanquished Creatures
  A hound (D:3)
  A worker ant (D:4)
  2 centaur skeletons (D:4)
  3 adders
  A shadow imp (D:5)
  4 giant geckos
  8 orcs (D:3)
  8 goblins
  5 hobgoblins
  7 bats
  2 giant cockroaches
  4 giant newts
  A jackal zombie (D:5)
  10 kobolds
  3 quokkas
  17 rats
77 creatures vanquished.

Vanquished Creatures (collateral kills)
  A goblin (D:1)
  2 rats (D:1)
3 creatures vanquished.

Grand Total: 80 creatures vanquished

Notes
Turn   | Place    | Note
--------------------------------------------------------------
     0 | D:1      | Horrz the Deep Dwarf Necromancer began the quest for the Orb.
     0 | D:1      | Reached XP level 1. HP: 15/15 MP: 3/3
     2 | D:1      | Learned a level 1 spell: Animate Skeleton
   127 | D:1      | Reached XP level 2. HP: 17/22 MP: 0/4
   166 | D:1      | Reached skill level 5 in Necromancy
   558 | D:2      | Reached XP level 3. HP: 17/28 MP: 1/5
   563 | D:2      | Learned a level 3 spell: Vampiric Draining
   600 | D:2      | Found a shimmering altar of Xom.
   601 | D:2      | Found a glowing golden altar of the Shining One.
   602 | D:2      | Found a sparkling altar of Nemelex Xobeh.
   800 | D:2      | Found a basalt altar of Yredelemnul.
   807 | D:2      | Upgraded the game from 0.17.0 to 0.17.0-8-gb983d21
  1061 | D:2      | Found an iron altar of Okawaru.
  1071 | D:2      | Found a bloodstained altar of Trog.
  1423 | D:3      | Reached skill level 6 in Necromancy
  1423 | D:3      | Reached XP level 4. HP: 34/36 MP: 0/7
  2361 | D:4      | Reached XP level 5. HP: 26/42 MP: 1/8
  2477 | D:4      | Reached skill level 7 in Necromancy
  2483 | D:4      | Learned a level 4 spell: Control Undead
  2558 | D:4      | Found an opulent altar of Gozag.
  2558 | D:4      | Found a sacrificial altar of Ru.
  2618 | D:5      | Entered Level 5 of the Dungeon
  2682 | D:5      | Noticed zigs's ghost (amateur SpIE)
  2812 | D:5      | Found a shadowy altar of Dithmenos.
  2855 | D:5      | Killed from afar by zigs's ghost

Action                   |  1- 3 |  4- 6 || total
-------------------------+-------+-------++-------
Melee: Unarmed           |    22 |       ||    22
       Short sword       |     5 |    48 ||    53
 Cast: Pain              |    45 |    44 ||    89
       Animate Skeleton  |     6 |       ||     6
       Vampiric Draining |     6 |     4 ||    10
       Control Undead    |       |     3 ||     3
  Use: Scroll            |       |     1 ||     1
 Stab: Sleeping          |       |     1 ||     1
  Eat: Chunk             |     4 |     5 ||     9
